 Dungeon Crawl Stone Soup version 0.22-a0-619-ga0c6fd2 (webtiles) character file.

76 Hebeh the Magician (level 4, -4/24 HPs)
             Began as a Deep Elf Fire Elementalist on July 15, 2018.
             Slain by Sigmund
             ... wielding a +3 scythe of distortion
              (9 damage)
             ... on level 2 of the Dungeon.
             The game lasted 00:06:33 (1951 turns).

Hebeh the Magician (Deep Elf Fire Elementalist)     Turns: 1951, Time: 00:06:34

Health: -4/24      AC:  2    Str:  5    XL:     4   Next: 12%
Magic:  0/12       EV: 13    Int: 21    God:
Gold:   91         SH:  0    Dex: 15    Spells: 2/11 levels left

rFire    . . .     SeeInvis .   a - +0 hunting sling
rCold    . . .     Gourm    .   (no shield)
rNeg     . . .     Faith    .   j - +0 robe
rPois    .         Spirit   .   (no helmet)
rElec    .         Reflect  .   (no cloak)
rCorr    .         Harm     .   (no gloves)
MR       .....                  (no boots)
Stlth    ++........             (no amulet)
HPRegen  0.08/turn              k - ring of wizardry
MPRegen  0.13/turn              (no ring)

@: no status effects
A: no striking features
a: no special abilities


You were on level 2 of the Dungeon.
You were not hungry.

You visited 1 branch of the dungeon, and saw 2 of its levels.

You collected 91 gold pieces.

Inventory:

Hand Weapons
 a - a +0 hunting sling (weapon)
 b - a +0 whip
Missiles
 f - 15 sling bullets (quivered)
 g - 40 arrows
 h - 37 stones
 n - 2 javelins
 r - 16 bolts
Armour
 i - a +0 buckler
 j - a +0 robe (worn)
Jewellery
 k - a ring of wizardry (left hand)
Scrolls
 d - a scroll of remove curse {unknown}
 e - 2 scrolls of enchant armour {unknown}
 o - a scroll of enchant weapon {unknown}
Potions
 l - a potion of heal wounds {unknown}
 m - 2 potions of curing {unknown}
 p - a potion of agility
Comestibles
 c - 3 rations


   Skills:
 - Level 2.4 Dodging
 - Level 2.4 Stealth
 + Level 4.0 Spellcasting
 * Level 3.1 Conjurations
 + Level 3.9 Fire Magic


You had 2 spell levels left.
You knew the following spells:

 Your Spells              Type           Power        Failure   Level  Hunger
a - Flame Tongue          Conj/Fire      ###..        1%          1    None
b - Throw Flame           Conj/Fire      ###...       1%          2    #......
c - Conjure Flame         Conj/Fire      ###.....     3%          3    ###....
d - Inner Flame           Hex/Fire       ##......     6%          3    ###....

Your spell library contained the following spells:

 Spells                   Type           Power        Failure   Level  Hunger
 Fireball                 Conj/Fire      ###.......   28%         5    ######.
 Sticky Flame             Conj/Fire      ###.....     11%         4    ####...


Dungeon Overview and Level Annotations

Branches:
Dungeon (2/15)

Altars:

Annotations:
D:2 Sigmund


Message History

Confirm with . or Enter, or press ? or * to list all spells.
Aiming: Flame Tongue (safe; 1% risk of failure)
Press: ? - help, Shift-Dir - straight line, f/p - Sigmund
Aim: Sigmund, wielding a scythe of distortion and wearing a robe (almost dead, unusually agile)
The flame tongue misses Sigmund.
Sigmund points at you and mumbles some strange words.
The magic dart hits you!
* * * LOW HITPOINT WARNING * * *
Casting: Flame Tongue (safe; 1% risk of failure)
Confirm with . or Enter, or press ? or * to list all spells.
You don't have enough magic to cast that spell.
You are too injured to fight recklessly!
You are too injured to fight recklessly!
You are too injured to fight recklessly!
Firing (i - inventory. (/) - cycle)
f - 16 sling bullets (quivered)
Press: ? - help, Shift-Dir - straight line, f/p - Sigmund
Aim: Sigmund, wielding a scythe of distortion and wearing a robe (almost dead, unusually agile)
You shoot a sling bullet. The sling bullet barely misses Sigmund.
Sigmund hits you from afar with a scythe of distortion!
You die...

#.# #.### ## ##.(###. #
####... ... #...... ..#
#.....# #.##.....#.#.#
#.....# #........#....
......# #......>......
......# #.....@....>..
......#####.#.......##.#
#...#
#...#.......#...@......#
#...#
#.<.####...........#####
#...#
##.).....##+##..####
##...### #####..##
##..## #....... ##..##
##..## #....... #..##
##..#### #.#..... #..#
#.....####....... #.##
##...).........>. #.#
### ### #....#)#........


You could see Sigmund.

Vanquished Creatures
  Jessica (D:2)
  A dart slug (D:1)
  2 giant cockroaches
  5 goblins
  5 hobgoblins (D:1)
  12 jackals
  7 bats (D:1)
  7 kobolds
  2 rats (D:2)
42 creatures vanquished.

Notes
Turn   | Place    | Note
-------+----------+-------------------------------------------
     0 | D:1      | Hebeh the Deep Elf Fire Elementalist began the quest for the Orb.
     0 | D:1      | Reached XP level 1. HP: 10/10 MP: 6/6
   178 | D:1      | Reached XP level 2. HP: 15/15 MP: 4/8
   718 | D:1      | Learned a level 2 spell: Throw Flame
  1026 | D:1      | Reached XP level 3. HP: 19/19 MP: 7/10
  1483 | D:2      | Learned a level 3 spell: Conjure Flame
  1487 | D:2      | Learned a level 3 spell: Inner Flame
  1662 | D:2      | Noticed Jessica
  1671 | D:2      | Killed Jessica
  1671 | D:2      | Reached XP level 4. HP: 12/24 MP: 3/11
  1766 | D:2      | Reached skill level 4 in Spellcasting
  1940 | D:2      | Noticed Sigmund
  1951 | D:2      | Slain by Sigmund

Vault maps used:
D:1:      scummos_arrival_simple_crosswalls
D:2:      gammafunk_temple_overflow_claw, chequers_ecumenical_altar_simple,
          uniq_sigmund, uniq_jessica

Skill      XL: |  1  2  3  4 |
---------------+-------------+-----
Conjurations   | 2 3 |  3.1
Spellcasting   | 4 |  4.0
Dodging        | |  2.4
Stealth        | |  2.4
Fire Magic     | |  3.9

Action                   |  1- 3 |  4- 6 || total
-------------------------+-------+-------++-------
Melee: Whip              |     4 |       ||     4
 Fire: Hunting sling     |    44 |     6 ||    50
 Cast: Flame Tongue      |    52 |     7 ||    59
       Throw Flame       |       |     4 ||     4
  Eat: Chunk             |     2 |     1 ||     3
Armor: Robe              |     8 |       ||     8
Dodge: Dodged            |    29 |     1 ||    30

Table legend:
 A = Spawn XP
 B = Non-spawn XP
 C = Spawn XP percentage of total XP
 D = Spawn monster count
 E = Non-spawn monster count
 F = Spawn count percentage of total count
 G = Total turns spent on level
                    A         B        C        D         E        F      G
               +---------+---------+-------+---------+---------+-------+---------
         Total |       0 |     109 |   0.0 |       0 |      42 |   0.0 |  1951
               +---------+---------+-------+---------+---------+-------+---------
           D:1 |       0 |      56 |   0.0 |       0 |      31 |   0.0 |  1477
           D:2 |       0 |      53 |   0.0 |       0 |      11 |   0.0 |   474
               +---------+---------+-------+---------+---------+-------+---------
